 Dungeon Crawl Stone Soup version 0.29.0-4-gdea44cf6ec (webtiles) character file.

Game seed: 13446565707331166493

486 qw the Chopper (level 6, 0/47 HPs)
             Began as a Demonspawn Cinder Acolyte on Sept 10, 2022.
             Was a Priest of Ignis.
             Succumbed to a kobold brigand's curare-tipped dart
             ... on level 4 of the Dungeon.
             The game lasted 00:01:47 (5040 turns).

qw the Chopper (Demonspawn Cinder Acolyte)          Turns: 5040, Time: 00:01:48

Health: 0/47       AC: 19    Str: 17    XL:     6   Next: 89%
Magic:  7/7        EV: 11    Int: 15    God:    Ignis [***...]
Gold:   180        SH:  0    Dex:  8    Spells: 7/7 levels left

rFire   + . .      SeeInvis .   Y - -1 hand axe (flame)
rCold   . . .      Faith    .   (no shield)
rNeg    . . .      Spirit   .   e - +0 chain mail
rPois   .          Reflect  .   (helmet restricted)
rElec   .          Harm     .   (no cloak)
rCorr   .          Rampage  .   (no gloves)
Will    .....                   k - +0 pair of boots
Stlth   ..........              (no amulet)
HPRegen 0.15/turn               h - +4 ring of evasion
MPRegen 0.10/turn               (no ring)

@: lethally poisoned (0 -> -5), fiery-armoured, slowed, very slow
A: antennae 2, yellow scales 1
a: Renounce Religion, Fiery Armour, Foxfire Swarm, Rising Flame


You were on level 4 of the Dungeon.
You worshipped Ignis.
Ignis was most pleased with you.
You visited 1 branch of the dungeon, and saw 4 of its levels.

You collected 180 gold pieces.


Innate Abilities, Weirdness & Mutations

You have a pair of antennae on your head.
You are partially covered in yellow scales. (AC +2)


   Skills:
 + Level 3.0 Fighting
 - Level 6.0 Axes
 - Level 1.4 Throwing
 - Level 2.8 Armour
 - Level 1.0 Dodging
 - Level 1.0 Spellcasting
 - Level 2.6 Fire Magic


You had 7 spell levels left.
You didn't know any spells.
Your spell library contained the following spells:

 Spells                   Type           Power      Damage    Failure   Level
 Scorch                   Fire           16%        2d6       88%         2

Inventory:

Hand Weapons
 Y - a -1 hand axe of flaming (weapon)
Missiles
 d - 3 silver boomerangs (quivered)
 m - 4 boomerangs
Armour
 e - a +0 chain mail (worn)
 k - a +0 pair of boots (worn)
Jewellery
 h - a +4 ring of evasion (left hand)
Scrolls
 a - 2 scrolls of identify
 b - a scroll of fear {unknown}
 n - a scroll of magic mapping {unknown}
Potions
 c - a potion of lignification {unknown}
 g - a potion of mutation {unknown}
 i - a potion of might {unknown}
 j - a potion of brilliance {unknown}
 l - a potion of attraction {unknown}

Dungeon Overview and Level Annotations

Branches:
Dungeon (4/15)
 Temple: D:4-7

Altars:
Uskayaw
Vehumet

Annotations:
D:1 1 runed translucent door
D:3 1 runed translucent door, Crazy Yiuf


Message History

Throw: 3 boomerangs (silver)
Press: ? - help, Q - select action, (/) - cycle Shift-Dir - straight line, f/p - kobold brigand You throw a silver boomerang.
The silver boomerang hits the kobold brigand.
The kobold brigand is lightly wounded.
You feel extremely sick.
The kobold brigand throws a curare-tipped dart.
The curare-tipped dart hits you.
You are more poisoned.
You have difficulty breathing.
You feel as though you will be slow longer.
Throw: 3 boomerangs (silver)
Press: ? - help, Q - select action, (/) - cycle Shift-Dir - straight line, f/p - kobold brigand You throw a silver boomerang.
The silver boomerang barely misses the kobold brigand.
You feel extremely sick.
5037 ||| INVOKING Fiery Armour.
A protective cloak of flame settles atop you.
You feel very sick. The kobold brigand misses you.
5038 ||| READING scroll of teleportation.
As you read the scroll of teleportation, it crumbles to dust.
You feel strangely unstable.
You feel very sick.
The kobold brigand hits you with a +0 dagger.
The kobold brigand is burned by your cloak of flames.
The kobold brigand is moderately wounded.
The kobold brigand hits you but does no damage.
The kobold brigand is burned by your cloak of flames.
The kobold brigand is heavily wounded.
You closely miss the kobold brigand.
The kobold brigand is heavily wounded.
You feel very sick.
The kobold brigand hits you but does no damage.
The kobold brigand is burned by your cloak of flames.
The kobold brigand is severely wounded.
You hit the kobold brigand. You burn the kobold brigand.
The kobold brigand is severely wounded.
Your surroundings seem slightly different.
You die...

#....########.##.#####.#
...<.............)...#.#
......K..####.##.###.#<.
#ยค.# #.##.# #.### {{#..#
#.##.# #.# #.## #.##.# #.#
#.# #.##.# #.# #.# #.##.#
#.# . #@# #.##.# #%#
..########.#####.##.# #.#
#.............##....# #.###
>.#.................# #....
........#..##.##....#######
###.#.#.#..............#
#.#.#<.........#####.####
#.#.###.###.#### #..)..
#.#.#...# #.# ######


You could see a kobold brigand.

Vanquished Creatures
  An ogre (D:4)
  2 hounds (D:4)
  3 orc priests
  An iguana (D:4)
  2 orc wizards
  3 gnolls (D:3)
  4 adders
  An ufetubus (D:4)
  A worm (D:4)
  A dart slug (D:1)
  10 orcs
  5 ball pythons
  7 bats
  6 endoplasms
  2 giant cockroaches
  13 goblins
  7 hobgoblins
  7 quokkas
  3 frilled lizards
  10 kobolds
  5 rats
94 creatures vanquished.

Vanquished Creatures (collateral kills)
  An adder (D:3)
  A frilled lizard (D:3)
2 creatures vanquished.

Grand Total: 96 creatures vanquished

Notes
Turn   | Place    | Note
-------+----------+-------------------------------------------
     0 | D:1      | qw the Demonspawn Cinder Acolyte began the quest for the
                  | Orb.
     0 | D:1      | Reached XP level 1. HP: 18/18 MP: 2/2
     0 | D:1      | 0 ||| qw: Version: 0.1-a-113-g051387a
     0 | D:1      | 0 ||| qw: Game counter: 7373
     0 | D:1      | 0 ||| qw: Always use a shield: true
     0 | D:1      | 0 ||| qw: God list: Okawaru
     0 | D:1      | 0 ||| qw: Allow faded altars: false
     0 | D:1      | 0 ||| qw: Do Orc after D:15 true
     0 | D:1      | 0 ||| qw: Do second Lair branch before Depths: true
     0 | D:1      | 0 ||| qw: Lair rune preference: random
     0 | D:1      | 0 ||| qw: Plans: Normal
     0 | D:1      | 0 ||| PLANNING D:1-11
     1 | D:1      | Found a runed translucent door.
   136 | D:1      | Reached skill level 3 in Axes
   207 | D:1      | 207 ||| Stepping ~*~*~tactically~*~*~ (stealth).
   210 | D:1      | 210 ||| Stepping ~*~*~tactically~*~*~ (stealth).
   211 | D:1      | 211 ||| Stepping ~*~*~tactically~*~*~ (stealth).
   384 | D:1      | Gained mutation: You have a pair of small antennae on your
                  | head. [demonic ancestry]
   384 | D:1      | Reached XP level 2. HP: 13/24 MP: 3/3
   574 | D:1      | 574 ||| Stepping ~*~*~tactically~*~*~ (stealth).
   580 | D:1      | 580 ||| Stepping ~*~*~tactically~*~*~ (stealth).
   581 | D:1      | 581 ||| Stepping ~*~*~tactically~*~*~ (stealth).
   591 | D:1      | HP: 6/24 [goblin/+0 dagger of speed (4)]
   592 | D:1      | 592 ||| INVOKING Fiery Armour.
   608 | D:1      | 608 ||| Stepping ~*~*~tactically~*~*~ (stealth).
   919 | D:1      | 919 ||| Stepping ~*~*~tactically~*~*~ (stealth).
  1224 | D:1      | Reached XP level 3. HP: 25/29 MP: 4/4
  1473 | D:1      | 1473 ||| UPGRADING to +0 leather armour.
  1483 | D:1      | 1483 ||| DROPPING +0 robe.
  1484 | D:1      | 1484 ||| UPGRADING to +4 ring of evasion.
  1485 | D:1      | 1485 ||| READING 2 scrolls labelled KOSUZE EXOUKUA.
  1486 | D:1      | 1486 ||| READING scroll labelled BOSOOCR TAQA.
  1562 | D:2      | 1562 ||| Stepping ~*~*~tactically~*~*~ (stealth).
  1569 | D:2      | Reached skill level 4 in Axes
  1581 | D:2      | You fall into a shaft and drop 1 floor!
  1622 | D:3      | 1622 ||| Stepping ~*~*~tactically~*~*~ (stealth).
  1624 | D:3      | 1624 ||| READING scroll labelled MOOJAO KURE.
  1626 | D:3      | 1626 ||| Stepping ~*~*~tactically~*~*~ (hiding).
  1634 | D:3      | 1634 ||| INVOKING Fiery Armour.
  1635 | D:3      | Reached skill level 1 in Dodging
  1636 | D:3      | HP: 7/29 [poisoned by an adder]
  1638 | D:3      | Reached XP level 4. HP: 9/35 MP: 5/5
  1641 | D:3      | HP: 8/35 [orc/+0 whip (1)]
  1901 | D:2      | 1901 ||| Stepping ~*~*~tactically~*~*~ (stealth).
  1906 | D:2      | 1906 ||| FLEEEEING.
  1995 | D:2      | 1995 ||| Stepping ~*~*~tactically~*~*~ (stealth).
  1996 | D:2      | 1996 ||| Stepping ~*~*~tactically~*~*~ (stealth).
  2113 | D:2      | 2113 ||| INVOKING Fiery Armour.
  2117 | D:2      | 2117 ||| FLEEEEING.
  2126 | D:2      | 2126 ||| STAIRDANCE
  2310 | D:1      | 2310 ||| UPGRADING to +0 scale mail.
  2320 | D:1      | 2320 ||| DROPPING +0 leather armour.
  2321 | D:1      | 2321 ||| READING scroll labelled NOUNLY OCOFRA.
  2640 | D:2      | Found a radiant altar of Vehumet.
  2661 | D:2      | 2661 ||| Stepping ~*~*~tactically~*~*~ (hiding).
  2662 | D:2      | 2662 ||| Stepping ~*~*~tactically~*~*~ (hiding).
  2871 | D:2      | 2871 ||| UPGRADING to +0 pair of boots.
  2876 | D:2      | 2876 ||| DRINKING 2 fuming blue potions.
  2880 | D:2      | 2880 ||| DRINKING 2 inky potions.
  2881 | D:2      | 2881 ||| DROPPING potion of berserk rage.
  2894 | D:3      | 2894 ||| STAIRDANCE
  3061 | D:3      | 3061 ||| Stepping ~*~*~tactically~*~*~ (hiding).
  3064 | D:3      | 3064 ||| INVOKING Fiery Armour.
  3069 | D:3      | Reached skill level 1 in Armour
  3069 | D:3      | Gained mutation: You are partially covered in yellow
                  | scales. (AC +2) [demonic ancestry]
  3069 | D:3      | Reached XP level 5. HP: 32/41 MP: 6/6
  3083 | D:3      | 3083 ||| Stepping ~*~*~tactically~*~*~ (stealth).
  3084 | D:3      | 3084 ||| Stepping ~*~*~tactically~*~*~ (stealth).
  3085 | D:3      | 3085 ||| FLEEEEING.
  3086 | D:3      | 3086 ||| FLEEEEING.
  3088 | D:3      | 3088 ||| FLEEEEING.
  3089 | D:3      | 3089 ||| FLEEEEING.
  3090 | D:3      | 3090 ||| FLEEEEING.
  3091 | D:3      | 3091 ||| FLEEEEING.
  3092 | D:3      | 3092 ||| FLEEEEING.
  3093 | D:3      | 3093 ||| FLEEEEING.
  3094 | D:3      | 3094 ||| FLEEEEING.
  3095 | D:3      | 3095 ||| FLEEEEING.
  3096 | D:3      | 3096 ||| FLEEEEING.
  3097 | D:3      | 3097 ||| FLEEEEING.
  3098 | D:3      | 3098 ||| FLEEEEING.
  3099 | D:3      | 3099 ||| FLEEEEING.
  3100 | D:3      | 3100 ||| FLEEEEING.
  3101 | D:3      | 3101 ||| FLEEEEING.
  3107 | D:3      | 3107 ||| FLEEEEING.
  3108 | D:3      | 3108 ||| STAIRDANCE
  3207 | D:2      | 3207 ||| DRINKING 2 grey potions.
  3216 | D:3      | Reached skill level 5 in Axes
  3227 | D:3      | Identified the +3 short sword "Vept" {venom, *Corrode Dex+4
                  | SInv}
  3330 | D:3      | 3330 ||| Stepping ~*~*~tactically~*~*~ (stealth).
  3425 | D:3      | 3425 ||| Stepping ~*~*~tactically~*~*~ (stealth).
  3427 | D:3      | 3427 ||| Stepping ~*~*~tactically~*~*~ (hiding).
  3439 | D:3      | 3439 ||| INVOKING Fiery Armour.
  3441 | D:3      | 3441 ||| DRINKING 3 potions of curing.
  3441 | D:3      | 3441 ||| (to cure confusion)
  3444 | D:3      | HP: 9/41 [orc priest/divine providence (16)]
  3445 | D:3      | Reached skill level 1 in Throwing
  3445 | D:3      | 3445 ||| DRINKING potion of heal wounds.
  3690 | D:3      | Found a hide-covered altar of Uskayaw.
  3720 | D:3      | Found a faded altar of an unknown god.
  4077 | D:3      | Found a runed translucent door.
  4078 | D:3      | Noticed Crazy Yiuf
  4191 | D:3      | 4191 ||| UPGRADING to +0 chain mail.
  4201 | D:3      | 4201 ||| DROPPING +0 scale mail.
  4274 | D:4      | Gained mutation: You have a pair of antennae on your head.
                  | [demonic ancestry]
  4274 | D:4      | Reached XP level 6. HP: 41/47 MP: 7/7
  4298 | D:4      | 4298 ||| Stepping ~*~*~tactically~*~*~ (stealth).
  4304 | D:4      | 4304 ||| STAIRDANCE
  4649 | D:4      | 4649 ||| Stepping ~*~*~tactically~*~*~ (stealth).
  4653 | D:4      | 4653 ||| Stepping ~*~*~tactically~*~*~ (stealth).
  4655 | D:4      | 4655 ||| Stepping ~*~*~tactically~*~*~ (hiding).
  4822 | D:4      | 4822 ||| Stepping ~*~*~tactically~*~*~ (hiding).
  4838 | D:4      | 4838 ||| FLEEEEING.
  4839 | D:4      | 4839 ||| FLEEEEING.
  4840 | D:4      | 4840 ||| FLEEEEING.
  4844 | D:4      | 4844 ||| FLEEEEING.
  4845 | D:4      | 4845 ||| FLEEEEING.
  4846 | D:4      | 4846 ||| FLEEEEING.
  4847 | D:4      | 4847 ||| FLEEEEING.
  4848 | D:4      | 4848 ||| FLEEEEING.
  4849 | D:4      | 4849 ||| FLEEEEING.
  4862 | D:4      | 4862 ||| FLEEEEING.
  4863 | D:4      | 4863 ||| DRINKING 2 potions of curing.
  4863 | D:4      | 4863 ||| (to cure confusion)
  4864 | D:4      | 4864 ||| FLEEEEING.
  4865 | D:4      | 4865 ||| FLEEEEING.
  4866 | D:4      | 4866 ||| DRINKING potion of curing.
  4866 | D:4      | 4866 ||| (to cure confusion)
  4888 | D:4      | Reached skill level 6 in Axes
  5037 | D:4      | 5037 ||| INVOKING Fiery Armour.
  5037 | D:4      | HP: 11/47 [poisoned by a kobold brigand (curare-tipped
                  | dart)]
  5038 | D:4      | 5038 ||| READING scroll of teleportation.
  5038 | D:4      | HP: 5/47 [kobold brigand/+0 dagger (2)]
  5039 | D:4      | HP: 2/47 [poisoned by a kobold brigand (curare-tipped
                  | dart)]
  5040 | D:4      | Succumbed to a kobold brigand's curare-tipped dart

Levels and vault maps discovered:
D:1:      dpeg_arrival_caged_fury, layout_loops_ring
D:2:      layout_rooms, serial_rivers, chequers_serial_rivers_room_a,
          chequers_serial_rivers_micro_c, chequers_serial_rivers_micro_e,
          chequers_serial_rivers_micro_d, chequers_serial_rivers_micro_e,
          chequers_serial_rivers_micro_d, basic_altar, minmay_misc_feat_cross,
          minmay_tromino_v2
D:3:      layout_basic, nicolae_uskayaw_murder_on_the_dancefloor,
          basic_ecumenical_altar, uniq_crazy_yiuf_cottage
D:4:      dreamdust_elfheim, layout_loops_ring

Skill      XL: |  1  2  3  4  5  6 |
---------------+-------------------+-----
Axes           | 3 4 5 6 |  6.0
Dodging        | 1 |  1.0
Armour         | 1 2 |  2.8
Throwing       | 1 |  1.4
Fighting       | |  3.0
Spellcasting   | |  1.0
Fire Magic     | |  2.6

Action                   |  1- 3 |  4- 6 || total
-------------------------+-------+-------++-------
Melee: Hand axe          |   116 |   196 ||   312
Throw: Boomerang         |     3 |    61 ||    64
Invok: Fiery Armour      |     2 |     4 ||     6
  Use: Scroll            |     3 |     2 ||     5
       Potion            |       |     7 ||     7
Armor: Robe              |    15 |       ||    15
       Leather armour    |     7 |    10 ||    17
       Scale mail        |       |    26 ||    26
       Chain mail        |       |    46 ||    46
Dodge: Dodged            |    73 |   138 ||   211

Table legend:
 A = Non-vault XP
 B = Vault XP
 C = Vault XP percentage of total XP
 D = Non-vault monster count
 E = Vault monster count
 F = Vault count percentage of total count
                 A         B        C        D         E       F
            +---------+---------+-------+---------+---------+-------
      Total |     694 |       1 |   0.1 |      95 |       1 |   1.0
            +---------+---------+-------+---------+---------+-------
        D:1 |      45 |       0 |   0.0 |      25 |       0 |   0.0
        D:2 |      71 |       1 |   1.4 |      22 |       1 |   4.3
        D:3 |     221 |       0 |   0.0 |      27 |       0 |   0.0
        D:4 |     357 |       0 |   0.0 |      21 |       0 |   0.0
            +---------+---------+-------+---------+---------+-------
